 Dungeon Sprint DCSS version 0.27-a0-1177-g245c70e1c0 (webtiles) character file.

Game seed: 16260420024025199673

216336 mhtbhm the Archmage (level 19, 0/99 HPs)
             Began as a Gargoyle Earth Elementalist on May 16, 2021.
             Was the Champion of Vehumet.
             Killed by divine providence
             ... invoked by a daeva
              (10 damage)
             ... in the Dungeon (Sprint VII: "The Pits").
             The game lasted 01:03:42 (13521 turns).

mhtbhm the Archmage (Gargoyle Earth Elementalist)  Turns: 13521, Time: 01:03:43

Health: 0/99       AC: 55    Str: 14    XL:     19   Next: 5%
Magic:  0/59       EV: 15    Int: 22    God:    Vehumet [******]
Gold:   43         SH: 11    Dex: 10    Spells: 15/72 levels left

rFire    + + +     SeeInvis +   a - +3 demon whip (elec)
rCold    + . .     Faith    .   o - +0 buckler
rNeg     + + +     Spirit   +   b - quicksilver dragon scales
rPois    ∞         Reflect  +   y - +2 hat of the Bear Spirit {Spirit, +Rage rN+ Will++}
rElec    +         Harm     .   u - +4 dragonskin cloak
rCorr    +         Rampage  .   p - +2 pair of gloves {archery}
Will     +++++     Clarity  +   f - +4 pair of boots Stlth +.........NoTele +
                                l - amulet "Hodoi" {Reflect Regen+ rCorr SH+5}
HPRegen  1.26/turn              k - ring "Vynoc" {*Slow rElec rC+ Will+++ AC+6 SInv}
MPRegen  0.36/turn              H - ring "Koleon" {rF++ MP+9}

@: on berserk cooldown, flying, slowed, glowing, very slow
A: sickness immunity, AC +14, big wings, negative energy resistance 1,
electricity resistance, torment resistance 1, petrification resistance, horns 1,
clarity, shaggy fur 1, MP-powered wands
}: 1/3 runes: iron
a: Renounce Religion, Evoke Berserk Rage


You were in the Dungeon.
You worshipped Vehumet.
Vehumet was exalted by your worship.
You visited 1 branch You collected 43 gold pieces.

Inventory:

Hand Weapons
 a - a +3 demon whip of electrocution (weapon)
 B - a +5 vampiric whip
Missiles
 w - 70 stones
 A - 12 silver javelins (quivered)
Armour
 b - quicksilver dragon scales (worn)
 f - a +4 pair of boots (worn)
 n - +14 gold dragon scales
 o - a +0 buckler (worn)
 p - a +2 pair of gloves of archery (worn)
 u - the +4 dragonskin cloak (worn)
   (You took it off Tiamat in the Dungeon)
 y - the +2 hat of the Bear Spirit (worn) {Spirit, +Rage rN+ Will++}
   (You found it in the Dungeon)

   It protects you from negative energy.
   It lets you go berserk.
   It greatly increases your willpower.
 J - a +4 pair of gloves
Jewellery
 c - the ring of Jocix {rN+ MP+9}
   (You found it in the Dungeon)

   [ring of magical power]

   It protects you from negative energy.
   It affects your magic capacity (+9).
 k - the ring "Vynoc" (left hand) {*Slow rElec rC+ Will+++ AC+6 SInv}
   (You found it in the Dungeon)

   [ring of protection]

   It affects your AC (+6).
   It protects you from cold.
   It insulates you from electricity.
   It lets you see invisible.
   It may slow you when you take damage.
   It greatly increases your willpower.
 l - the amulet "Hodoi" (around neck) {Reflect Regen+ rCorr SH+5}
   (You found it in the Dungeon)

   [amulet of reflection]

   It reflects blocked missile attacks.
   It increases your rate of health regeneration.
   It protects you from acid and corrosion.
   It affects your SH (+5).
 q - the ring of Yppiym {Str+6 Int+4}
   (You found it in the Dungeon)

   [ring of strength]

   It affects your strength (+6).
   It affects your intelligence (+4).
 x - the amulet "Gadiffi" {Reflect Will++ Int+4 SH+5}
   (You found it in the Dungeon)

   [amulet of reflection]

   It reflects blocked missile attacks.
   It affects your intelligence (+4).
   It affects your SH (+5).
   It greatly increases your willpower.
 z - the ring "Atsaic" {*Slow Fly rC++ Int+6}
   (You found it in the Dungeon)

   [ring of intelligence]

   It affects your intelligence (+6).
   It greatly protects you from cold.
   It grants you flight.
   It may slow you when you take damage.
 F - the ring of Anleud {rF+ rC+ rCorr}
   (You found it in the Dungeon)

   [ring of protection from cold]

   It protects you from fire.
   It protects you from cold.
   It protects you from acid and corrosion.
 G - the ring "Jeuraug" {rPois rC+ Int+3}
   (You found it in the Dungeon)

   [ring of poison resistance]

   It affects your intelligence (+3).
   It protects you from cold.
   It protects you from poison.
 H - the ring "Koleon" (right hand) {rF++ MP+9}
   (You found it in the Dungeon)

   [ring of magical power]

   It greatly protects you from fire.
   It affects your magic capacity (+9).
 I - the ring "Extapuff" {Will+ Dex+6}
   (You found it in the Dungeon)

   [ring of dexterity]

   It affects your dexterity (+6).
   It increases your willpower.
 K - the ring of Temperance {Fire Dex+2}
   (You found it in the Dungeon)

   [ring of fire]

   It enhances your fire magic.
   It affects your dexterity (+2).
   It protects you from fire.
   It makes you vulnerable to cold.
 L - the amulet "Zoug" {Spirit Will+}
   (You found it in the Dungeon)

   [amulet of guardian spirit]

   It causes incoming damage to be divided between your reserves of health and
   magic.
   It increases your willpower.
 M - the ring "Foehy" {rPois EV+4 Int+9 Slay-2}
   (You found it in the Dungeon)

   [ring of evasion]

   It affects your evasion (+4).
   It affects your intelligence (+9).
   It affects your accuracy and damage with ranged weapons and melee attacks
   (-2).
   It protects you from poison.
 N - the amulet "Dugra" {Acrobat Str+6 Int+3}
   (You found it in the Dungeon)

   [amulet of the acrobat]

   It increases your evasion while moving and waiting.
   It affects your strength (+6).
   It affects your intelligence (+3).
Wands
 g - a wand of charming (9)
Scrolls
 j - 3 scrolls of amnesia
 s - a scroll of identify
 t - a scroll of fear
 v - a scroll of holy word
 C - 4 scrolls of enchant armour
Potions
 i - 2 potions of invisibility
 m - 2 potions of brilliance
 r - 2 potions of resistance
 E - a potion of mutation


   Skills:
 - Level 4.5 Fighting
 + Level 12.1 Maces & Flails
 + Level 18.5 Armour
 + Level 15.4 Dodging
 - Level 4.5 Stealth
 - Level 10.5 Shields
 O Level 27 Spellcasting
 O Level 27 Conjurations
 + Level 2.7 Transmutations
 * Level 26.4 Fire Magic
 - Level 2.0 Air Magic
 - Level 25.0 Earth Magic
 - Level 2.9 Poison Magic
 + Level 0.2 Evocations


You had 15 spell levels left.
You knew the following spells:

 Your Spells              Type           Power      Damage    Failure   Level
a - Sandblast             Erth           100%       2d20      0%          1
b - Ignition              Fire           49%        3d14      1%          8
c - Stone Arrow           Conj/Erth      100%       3d13      0%          3
d - Lee's Rapid Deconstr  Erth           48%        3d24*     0%          5
e - Petrify               Tmut/Erth      74%        N/A       1%          4
f - Mephitic Cloud        Conj/Pois/Air  67%        N/A       1%          3
g - Iron Shot             Conj/Erth      48%        9d9       0%          6
h - Fireball              Conj/Fire      49%        3d19      0%          5
i - Lehudib's Crystal Sp  Conj/Erth      48%        10d12     1%          8
j - Shatter               Erth           48%        3d37*     1%          9
k - Manifold Assault      Tloc           29%        N/A       41%         5

Your spell library contained the following spells:

 Spells                   Type           Power      Damage    Failure   Level
 Tornado                  Air            19%        N/A       100%        9
 Shock                    Conj/Air       100%       1d9       0%          1
 Passwall                 Tmut/Erth      61%        N/A       0%          2
 Searing Ray              Conj           100%       3d7       0%          2
 Static Discharge         Conj/Air       76%        N/A       0%          2
 Conjure Flame            Conj/Fire      99%        6-21      0%          3
 Sticky Flame             Conj/Fire      99%        2d11      0%          4
 Starburst                Conj/Fire      49%        8x6d14    0%          6
 Animate Skeleton         Necr           58%        N/A       1%          1
 Apportation              Tloc           58%        N/A       1%          1
 Corona                   Hex            32%        N/A       1%          1
 Freeze                   Ice            100%       1d11      1%          1
 Pain                     Necr           100%       1d9       1%          1
 Summon Small Mammal      Summ           100%       N/A       1%          1
 Poisonous Vapours        Pois/Air       80%        N/A       1%          2
 Ignite Poison            Fire/Tmut/Pois 67%        N/A       1%          3
 Swiftness                Air            38%        N/A       1%          3
 Airstrike                Air            19%        N/A       1%          4
 Animate Armour           Summ/Erth      100%       N/A       1%          4
 Fulminant Prism          Conj/Hex       36%        3d18      1%          4
 Hailstorm                Conj/Ice       73%        3d15      1%          4
 Borgnjor's Vile Clutch   Necr/Erth      35%        N/A       1%          5
 Irradiate                Conj/Tmut      38%        3d26      1%          5
 Lightning Bolt           Conj/Air       38%        1d56      1%          5
 Conjure Ball Lightning   Conj/Air       38%        3x3d12    1%          6
 Freezing Cloud           Conj/Ice/Air   32%        6-21      1%          6
 Ensorcelled Hibernation  Hex/Ice        58%        N/A       2%          2
 Ozocubu's Armour         Ice            29%        N/A       4%          3
 Teleport Other           Tloc           29%        N/A       4%          3
 Tukima's Dance           Hex            29%        N/A       4%          3
 Vampiric Draining        Necr           14%        2d8       4%          3
 Yara's Violent Unravell  Hex/Tmut       17%        3d8       7%          5
 Ice Form                 Ice/Tmut       35%        N/A       9%          4
 Summon Lightning Spire   Summ/Air       34%        N/A       11%         4
 Animate Dead             Necr           14%        N/A       16%         4
 Cause Fear               Hex            14%        N/A       16%         4
 Passage of Golubria      Tloc           N/A        N/A       16%         4
 Eringya's Noxious Bog    Tmut/Pois      21%        N/A       19%         6
 Silence                  Hex/Air        17%        N/A       28%         5
 Agony                    Necr           29%        N/A       41%         5
 Death Channel            Necr           14%        N/A       94%         6
 Dispersal                Tloc           14%        N/A       94%         6
 Invisibility             Hex            29%        N/A       94%         6
 Simulacrum               Ice/Necr       14%        N/A       94%         6
 Discord                  Hex            14%        N/A       100%        8


Dungeon Overview and Level Annotations

Branches:
Dungeon (1/1)

Altars:
Ashenzari
Cheibriados
Dithmenos
Elyvilon
Fedhas
Gozag
Hepliaklqana
Kikubaaqudgha
Makhleb
Nemelex Xobeh
Okawaru
Qazlal
Ru
Sif Muna
Trog
Uskayaw
Vehumet
Wu Jian
Xom
Yredelemnul
Zin
The Shining One
Beogh
Jiyva
Lugonu

Annotations:
D Mnoleg


Innate Abilities, Weirdness & Mutations

You are immune to sickness and miasma.
Your stone body is resilient. (AC +14)
You are immune to poison.
Your large and strong wings let you fly.
You resist negative energy. (rN+)
You are resistant to electric shocks. (rElec)
You are resistant to unholy torment.
You are immune to petrification.
You have a pair of small horns on your head.
You possess an exceptional clarity of mind.
You are covered in fur. (AC +1)
You expend magic power (3 MP) to strengthen your wands.


Message History

You feel better.
The daeva calls down the wrath of the Shining One upon you.
The Shining One smites you!
* * * LOW HITPOINT WARNING * * *
The daeva calls down the wrath of the Shining One upon you.
The Shining One smites you!
* * * LOW HITPOINT WARNING * * *
You feel better.
The daeva calls down the wrath of the Shining One upon you.
The Shining One smites you!
* * * LOW HITPOINT WARNING * * *
Unknown command.
You feel better.
The daeva calls down the wrath of the Shining One upon you.
The Shining One smites you!
* * * LOW HITPOINT WARNING * * *
You block the daeva's attack. The daeva hits you but does no damage.
Unknown command.
You feel better. The daeva hits you but does no damage.
The daeva completely misses you.
Unknown command.
You feel better.
The daeva calls down the wrath of the Shining One upon you.
The Shining One smites you!
* * * LOW HITPOINT WARNING * * *
The daeva calls down the wrath of the Shining One upon you.
The Shining One smites you!
* * * LOW HITPOINT WARNING * * *
Unknown command.
Casting: Sandblast (safe; 0% risk of failure)
Confirm with . or Enter, or press ? or * to list all spells.
Aiming: Sandblast (safe; 0% risk of failure)
Press: ? - help, Shift-Dir - straight line, f/p - daeva
Aim: a daeva, wielding a +4 scimitar of holy wrath and wearing a +0 tower shield (severely wounded, haloed, 86% to hit)
The blast of sand hits the daeva.
The daeva is severely wounded.
w - 70 stones The daeva calls down the wrath of the Shining One upon you.
The Shining One smites you!
You die...

..............''.........)##....#
.............)''.........)##....#
############.[##..#....#.)##.....
.#.#.#.#.#.#(.##.........[''....D
#.#.#.#.#.##..##.....))))['')....
.#.#.#[#.#)#..####''####''#######
#.#)#)#.#|##).####''####''#######
.#.#(#.#.#.#..##......##.[.......
#########)##..##@#)##.##))...).).
..............##A#[.'.##.)#######
.......)......##.').#.##..#))#))#
###''###########.#.)'.##..#))#))#
###'X###########.'.)#.##..#.....#
..........##..##.##'#.##&.#..####
#..#......##..##......##..#..'...
..........''..##########..#..####
....X..)..''..##########..#.....#


You could see a daeva.

Vanquished Creatures
  3 pandemonium lords (D)
  Tiamat (D)
  An ancient lich (D)
  An orb of fire (D)
  2 royal mummies (D)
  A profane servitor (D)
  4 pearl dragons (D)
  A bone dragon (D)
  A Brimstone Fiend (D)
  A Tzitzimitl (D)
  2 electric golems (D)
  2 Hell Sentinels (D)
  3 Ice Fiends (D)
  A lich (D)
  3 quicksilver dragons (D)
  3 deep elf blademasters (D)
  Murray (D)
  3 titans (D)
  An acid blob (D)
  2 deep elf master archers (D)
  2 Executioners (D)
  2 sphinxes (D)
  A death cob (D)
  2 shadow dragons (D)
  2 storm dragons (D)
  A nagaraja (D)
  A draconian monk (D)
  A rockslime (D)
  An azure jelly (D)
  3 iron dragons (D)
  2 deep elf sorcerers (D)
  Louise (D)
  3 frost giants (D)
  2 orc warlords (D)
  2 cacodemons (D)
  A ghost moth (D)
  2 balrugs (D)
  2 draconian shifters (D)
  An emperor scorpion (D)
  A draconian stormcaller (D)
  A spriggan defender (D)
  An angel (D)
  2 draconian annihilators (D)
  A stone giant (D)
  A reaper (D)
  A minotaur (D)
  2 red draconians (D)
  2 dire elephants (D)
  2 apis (D)
  3 green draconians (D)
  2 deep elf demonologists (D)
  A yellow draconian (D)
  3 deep elf annihilators (D)
  A white draconian (D)
  A purple draconian (D)
  2 blizzard demons (D)
  3 deep elf death magi (D)
  A mummy priest (D)
  An ettin (D)
  A green death (D)
  A fire dragon (D)
  3 deep elf high priests (D)
  3 yaktaur captains (D)
  5 vault guards (D)
  An ice dragon (D)
  2 hydras (D)
  A naga warrior (D)
  3 hell beasts (D)
  2 ogre magi (D)
  2 merfolk avatars (D)
  2 anacondas (D)
  A two-headed ogre (D)
  4 hell hogs (D)
  An iron elemental (D)
  2 vampire magi (D)
  Urug (D)
  A fire crab (D)
  A deep elf knight (D)
  5 sun demons (D)
  An iron troll (D)
  A shadow wraith (D)
  3 cherubim (D)
  A flayed ghost (D)
  A sea snake (D)
  2 bog bodies (D)
  2 wizards (D)
  A naga ritualist (D)
  2 lindwurms (D)
  A deep elf pyromancer (D)
  A deep elf zephyrmancer (D)
  A phantasmal warrior (D)
  11 orc knights (D)
  2 orc sorcerers (D)
  A wolf spider (D)
  A cyclops (D)
  A guardian serpent (D)
  3 elephants (D)
  A naga mage (D)
  A gargoyle (D)
  A smoke demon (D)
  A hellion (D)
  2 ice devils (D)
  A komodo dragon (shapeshifter) (D)
  Psyche (D)
  3 tormentors (D)
  5 yaktaurs (D)
  A hellwing (D)
  3 red devils (D)
  A troll (D)
  A polar bear (D)
  A wandering mushroom (D)
  2 guardian mummies (D)
  A polar bear (shapeshifter) (D)
  A tyrant leech (D)
  A flying skull (D)
  A shadow (D)
  A tarantella (D)
  A spriggan (D)
  A redback (D)
  A water elemental (D)
  2 large abominations (D)
  A wyvern (D)
  4 yaks (D)
  A golden eye (D)
  A basilisk (D)
  7 vampire mosquitoes (D)
  A neqoxec (D)
  A warg (D)
  2 nagas (D)
  A water moccasin (D)
  2 sky beasts (D)
  A swamp drake (D)
  2 orc warriors (D)
  A necrophage (D)
  2 ogres (D)
  2 black bears (D)
  5 wolves (D)
  2 centaurs (D)
  A phantom (D)
  2 scorpions (D)
  A gnoll sergeant (D)
  4 wights (D)
  A quasit (D)
  An orc priest (D)
  Terence (D)
  4 orc wizards (D)
  A hell rat (D)
  4 gnolls (D)
  2 adder skeletons (D)
  7 orcs (D)
  A ball python (D)
  An endoplasm (D)
  A giant cockroach (D)
  A goblin (D)
  7 jackals (D)
  A quokka (D)
  A ball python skeleton (D)
  2 frilled lizards (D)
  A giant cockroach zombie (D)
  A rat (D)
296 creatures vanquished.

Vanquished Creatures (others)
  An eldritch tentacle (D)
  A gnoll (D)
2 creatures vanquished.

Grand Total: 298 creatures vanquished

Notes
Turn   | Place    | Note
-------+----------+-------------------------------------------
     0 | D        | mhtbhm the Gargoyle Earth Elementalist began the quest for
                  | the Orb.
     0 | D        | Reached XP level 1. HP: 10/10 MP: 3/3
    20 | D        | Found a bloodstained altar of Trog.
    20 | D        | Found a shimmering blue altar of Sif Muna.
    20 | D        | Found a viscous altar of Jiyva.
    20 | D        | Found a hazy altar of Hepliaklqana.
    20 | D        | Found an opulent altar of Gozag.
    21 | D        | Found a glowing golden altar of the Shining One.
    21 | D        | Found a glowing silver altar of Zin.
    21 | D        | Found a basalt altar of Yredelemnul.
    21 | D        | Found a shimmering altar of Xom.
    21 | D        | Found an ornate altar of the Wu Jian Council.
    21 | D        | Found a sacrificial altar of Ru.
    21 | D        | Found a stormy altar of Qazlal.
    21 | D        | Found an iron altar of Okawaru.
    21 | D        | Found a sparkling altar of Nemelex Xobeh.
    21 | D        | Found a burning altar of Makhleb.
    21 | D        | Found a blossoming altar of Fedhas.
    21 | D        | Found a white marble altar of Elyvilon.
    21 | D        | Found a shadowy altar of Dithmenos.
    21 | D        | Found a snail-covered altar of Cheibriados.
    23 | D        | Found a radiant altar of Vehumet.
    23 | D        | Found a corrupted altar of Lugonu.
    24 | D        | Found a hide-covered altar of Uskayaw.
    24 | D        | Found an ancient bone altar of Kikubaaqudgha.
    24 | D        | Found a broken altar of Ashenzari.
    35 | D        | Became a worshipper of Vehumet
    94 | D        | Reached * piety under Vehumet
    94 | D        | Offered knowledge of Shock by Vehumet.
   119 | D        | Noticed a scorpion
   145 | D        | Killed a scorpion
   146 | D        | Reached skill level 1 in Transmutations
   146 | D        | Reached XP level 2. HP: 15/16 MP: 1/6
   146 | D        | Reached XP level 3. HP: 19/20 MP: 1/8
   146 | D        | Reached XP level 4. HP: 22/24 MP: 1/9
   240 | D        | Reached ** piety under Vehumet
   241 | D        | Offered knowledge of Freeze by Vehumet.
   245 | D        | Reached *** piety under Vehumet
   431 | D        | Learned a level 1 spell: Freeze
   435 | D        | Learned a level 3 spell: Stone Arrow
   493 | D        | Noticed a scorpion
   493 | D        | Noticed an orc warrior
   519 | D        | Killed an orc warrior
   519 | D        | Offered knowledge of Conjure Flame by Vehumet.
   520 | D        | Reached skill level 1 in Fighting
   520 | D        | Reached skill level 5 in Spellcasting
   520 | D        | Reached XP level 5. HP: 17/29 MP: 7/13
   521 | D        | Reached **** piety under Vehumet
   522 | D        | Reached skill level 1 in Maces & Flails
   522 | D        | Reached skill level 10 in Earth Magic
   522 | D        | Reached XP level 6. HP: 21/35 MP: 4/15
   664 | D        | Reached ***** piety under Vehumet
   667 | D        | Offered knowledge of Mephitic Cloud by Vehumet.
   911 | D        | Learned a level 5 spell: Lee's Rapid Deconstruction
   916 | D        | Learned a level 4 spell: Petrify
   920 | D        | Learned a level 3 spell: Mephitic Cloud
   938 | D        | Offered knowledge of Lightning Bolt by Vehumet.
   953 | D        | Noticed a deep elf zephyrmancer
   955 | D        | Killed a deep elf zephyrmancer
   956 | D        | Reached skill level 1 in Conjurations
   956 | D        | Reached XP level 7. HP: 40/40 MP: 8/20
  1027 | D        | Noticed a flying skull
  1028 | D        | Killed a flying skull
  1029 | D        | Reached skill level 10 in Spellcasting
  1029 | D        | Reached XP level 8. HP: 46/46 MP: 18/22
  1104 | D        | Noticed Terence
  1104 | D        | Noticed a troll
  1104 | D        | Noticed a smoke demon
  1109 | D        | Killed a smoke demon
  1109 | D        | Offered knowledge of Irradiate by Vehumet.
  1110 | D        | Killed a troll
  1110 | D        | Reached ****** piety under Vehumet
  1111 | D        | Reached skill level 15 in Earth Magic
  1111 | D        | Killed Terence
  1339 | D        | Noticed a sea snake
  1348 | D        | Reached XP level 9. HP: 19/50 MP: 19/24
  1348 | D        | Killed a sea snake
  1349 | D        | Reached skill level 1 in Armour
  1659 | D        | Offered knowledge of Spellforged Servitor by Vehumet.
  1905 | D        | Offered knowledge of Eringya's Noxious Bog by Vehumet.
  1909 | D        | Noticed a guardian serpent
  1910 | D        | Reached XP level 10. HP: 56/56 MP: 15/27
  1919 | D        | Killed a guardian serpent
  1993 | D        | Reached skill level 5 in Armour
  2117 | D        | Offered knowledge of Yara's Violent Unravelling by Vehumet.
  2295 | D        | Noticed a deep elf pyromancer
  2301 | D        | Killed a deep elf pyromancer
  2331 | D        | Noticed a wolf spider
  2342 | D        | Offered knowledge of Ozocubu's Refrigeration by Vehumet.
  2352 | D        | Killed a wolf spider
  2353 | D        | Reached XP level 11. HP: 25/60 MP: 6/29
  2392 | D        | Noticed an alligator snapping turtle
  2622 | D        | Reached skill level 15 in Spellcasting
  2711 | D        | Noticed an anaconda
  2805 | D        | Noticed a cyclops
  2806 | D        | Killed a cyclops
  2806 | D        | Offered knowledge of Iron Shot by Vehumet.
  2807 | D        | Killed an anaconda
  2965 | D        | Learned a level 6 spell: Iron Shot
  3041 | D        | Offered knowledge of Starburst by Vehumet.
  3054 | D        | Noticed a phantasmal warrior
  3066 | D        | Killed a phantasmal warrior
  3156 | D        | Learned a level 6 spell: Starburst
  3616 | D        | Noticed a bog body
  3620 | D        | Killed a bog body
  3621 | D        | Reached skill level 5 in Conjurations
  3936 | D        | Noticed a minotaur
  3941 | D        | Killed a minotaur
  3941 | D        | Offered knowledge of Lehudib's Crystal Spear by Vehumet.
  3941 | D        | Offered knowledge of Shatter by Vehumet.
  3941 | D        | Offered knowledge of Tornado by Vehumet.
  4146 | D        | Noticed Urug
  4155 | D        | Killed Urug
  4157 | D        | Noticed a sun demon
  4162 | D        | Killed a sun demon
  4163 | D        | Reached XP level 12. HP: 49/66 MP: 9/32
  4253 | D        | Learned a level 8 spell: Lehudib's Crystal Spear
  4272 | D        | Noticed a merfolk avatar
  4281 | D        | Killed a merfolk avatar
  4616 | D        | Noticed a merfolk avatar
  4620 | D        | Killed a merfolk avatar
  4817 | D        | Noticed an apis
  4817 | D        | Noticed a storm dragon
  4817 | D        | Noticed a two-headed ogre
  4817 | D        | Gained mutation: You sometimes lose the ability to read
                  | scrolls when taking damage. [a neqoxec]
  4818 | D        | Noticed an ogre mage
  4823 | D        | Killed an apis
  4825 | D        | Killed an ogre mage
  4825 | D        | Killed a storm dragon
  4826 | D        | Killed a two-headed ogre
  4899 | D        | Got Adokaetu's Catalogue of the Earthen Glacier
  4949 | D        | Learned a level 9 spell: Shatter
  5025 | D        | Noticed a nagaraja
  5027 | D        | Killed a nagaraja
  5033 | D        | Reached XP level 13. HP: 70/70 MP: 22/35
  5040 | D        | Noticed an emperor scorpion
  5079 | D        | Noticed a white draconian
  5088 | D        | Killed a white draconian
  5270 | D        | Noticed a balrug
  5272 | D        | Killed a balrug
  5280 | D        | Noticed a death cob
  5282 | D        | Killed a death cob
  5308 | D        | Noticed Psyche
  5309 | D        | Killed Psyche
  5586 | D        | Learned a level 8 spell: Ignition
  5603 | D        | Killed an emperor scorpion
  5963 | D        | Noticed an Ice Fiend
  5965 | D        | Killed an Ice Fiend
  6111 | D        | Noticed an iron dragon
  6115 | D        | Killed an iron dragon
  6116 | D        | Reached skill level 5 in Fire Magic
  6221 | D        | Noticed a pearl dragon
  6225 | D        | Killed a pearl dragon
  6226 | D        | Gained mutation: Your large and strong wings let you fly.
                  | [Gargoyle growth]
  6226 | D        | Reached XP level 14. HP: 41/76 MP: 15/39
  6488 | D        | Learned a level 5 spell: Fireball
  6490 | D        | Noticed a deep elf master archer
  6493 | D        | Killed a deep elf master archer
  6715 | D        | Noticed an orb of fire
  6894 | D        | Noticed an orc warlord
  6894 | D        | Noticed an orc warlord
  6896 | D        | Noticed a bone dragon
  6901 | D        | Noticed a deep elf blademaster
  6910 | D        | Killed a deep elf blademaster
  6910 | D        | Killed a bone dragon
  6911 | D        | Reached skill level 10 in Armour
  6911 | D        | Reached skill level 10 in Conjurations
  6917 | D        | Reached skill level 1 in Poison Magic
  6918 | D        | Killed an orc warlord
  6919 | D        | Reached skill level 1 in Air Magic
  6920 | D        | Noticed a purple draconian
  6921 | D        | Killed a purple draconian
  6927 | D        | Killed an orc warlord
  6928 | D        | Reached skill level 10 in Fire Magic
  6938 | D        | Lost mutation: You sometimes lose the ability to read
                  | scrolls when taking damage. [potion of mutation]
  6938 | D        | Gained mutation: You tend to lose your temper in combat.
                  | [potion of mutation]
  6938 | D        | Gained mutation: Your mind is acute. (Int +2) [potion of
                  | mutation]
  6938 | D        | Gained mutation: You expend magic power (3 MP) to
                  | strengthen your wands. [potion of mutation]
  6938 | D        | Gained mutation: You have a pair of small horns on your
                  | head. [potion of mutation]
  6950 | D        | Noticed a dire elephant
  6990 | D        | Killed a dire elephant
  7638 | D        | Noticed a green draconian
  7643 | D        | Killed a green draconian
  7645 | D        | Reached XP level 15. HP: 75/80 MP: 35/42
  7660 | D        | Noticed a sphinx
  7664 | D        | Killed a sphinx
  7669 | D        | Noticed a sphinx
  7670 | D        | Killed a sphinx
  7671 | D        | Reached skill level 5 in Dodging
  7673 | D        | Noticed a deep elf sorcerer
  7692 | D        | Killed a deep elf sorcerer
  7922 | D        | Noticed a deep elf sorcerer
  7925 | D        | Killed a deep elf sorcerer
  8034 | D        | Noticed a white draconian shifter
  8035 | D        | Noticed a green draconian stormcaller
  8044 | D        | Killed a white draconian shifter
  8045 | D        | Killed a green draconian stormcaller
  8159 | D        | Got Hecam's Papyrus of Ashen Conjuration
  8164 | D        | Got Temicockou's Compendium of Dark Arts and Beguiling
  8166 | D        | Got the Compendium of Excruciating Envenoming
  8174 | D        | Got the Reference Book on Glacial Transmigration
  8189 | D        | Got the Tome of Warped Snow
  8210 | D        | Got the ring "Baggeun" {rPois rC- Will+ Str+4 SInv}
  8212 | D        | Got the ring "Vynoc" {*Slow rElec rC+ Will+++ AC+6 SInv}
  8216 | D        | Got the ring "Run Woob" {rElec rC+ rN+ Str-3 Dex+4}
  8218 | D        | Got the ring "Oceot" {Ice rElec Slay+3}
  8221 | D        | Got the ring "Wiumomen" {rElec rPois rC+ Str+3 Stlth+}
  8223 | D        | Got the ring of Loto {rPois rC+ Stlth+}
  8225 | D        | Got the ring of Qor Ewoss {Will+ Dex+2}
  8227 | D        | Got the ring of Akkuw {rElec rPois Str+6}
  8229 | D        | Got the ring "Yconaf" {Will+ rCorr Str-3 Slay+5 Stlth+}
  8231 | D        | Got the ring of the Special Dreams {rPois rC++ Slay+3}
  8233 | D        | Got the ring "Guules" {SInv Stlth+}
  8237 | D        | Got the ring of Sloth {rElec rF+ rN+ Dex-5}
  8284 | D        | Got the ring of Jocix {rN+ MP+9}
  8286 | D        | Got the amulet "Hodoi" {Reflect Regen+ rCorr SH+5}
  8288 | D        | Got the amulet "Hohewer" {RegenMP Contam Str+3 SInv}
  8290 | D        | Got the amulet "Inetiy" {RegenMP rElec rC- rCorr Stlth+}
  8293 | D        | Got the amulet "Syxuwn" {Faith rF++}
  8295 | D        | Got the amulet of Yschumuwn {Faith +Inv Will++}
  8297 | D        | Got the amulet "Omiyfuh" {Acrobat Contam +Inv rPois Stlth+}
  8299 | D        | Got the ring "Koleon" {rF++ MP+9}
  8301 | D        | Got the ring of Irubag {Ice *Slow +Blink rPois rN++}
  8303 | D        | Got the ring of Oenomania {rPois Dex+4 Slay+5}
  8306 | D        | Got the amulet of Woiwkek {RegenMP -Tele rF++ Will++}
  8308 | D        | Got the ring "Foehy" {rPois EV+4 Int+9 Slay-2}
  8311 | D        | Got the ring of Mumotyst {Fly Will- Str+5 Slay+5}
  8313 | D        | Got the amulet of the Priest {Faith +Inv rC+ Int-3 Slay+3}
  8500 | D        | Gained mutation: You are frail. (-10% HP) [an orb of fire]
  8503 | D        | Killed an orb of fire
  8657 | D        | Lost mutation: You are frail. (-10% HP) [potion of
                  | mutation]
  8657 | D        | Lost mutation: Your mind is acute. (Int +2) [potion of
                  | mutation]
  8657 | D        | Lost mutation: You tend to lose your temper in combat.
                  | [potion of mutation]
  8657 | D        | Gained mutation: You are covered in fur. (AC +1) [potion of
                  | mutation]
  8657 | D        | Gained mutation: You possess an exceptional clarity of
                  | mind. [potion of mutation]
  8666 | D        | Noticed an iron dragon
  8670 | D        | Killed an iron dragon
  8744 | D        | Noticed Louise
  8744 | D        | Noticed an ancient lich
  8744 | D        | Noticed a cacodemon
  8744 | D        | Noticed a Hell Sentinel
  8748 | D        | Killed a cacodemon
  8753 | D        | Killed a Hell Sentinel
  8754 | D        | Reached XP level 16. HP: 69/86 MP: 25/46
  8756 | D        | Killed Louise
  8759 | D        | Killed an ancient lich
  8760 | D        | Reached skill level 27 in Spellcasting
  8760 | D        | Reached skill level 15 in Fire Magic
  8966 | D        | Noticed a quicksilver dragon
  8968 | D        | Killed a quicksilver dragon
  8969 | D        | Reached skill level 5 in Maces & Flails
  9094 | D        | Noticed a pearl dragon
  9097 | D        | Killed a pearl dragon
  9098 | D        | Reached skill level 15 in Conjurations
  9134 | D        | Noticed Jefudol the pandemonium lord
  9150 | D        | Killed Jefudol the pandemonium lord
  9151 | D        | Reached skill level 1 in Shields
  9319 | D        | Noticed a pearl dragon
  9321 | D        | Killed a pearl dragon
  9409 | D        | Noticed Murray
  9415 | D        | Killed Murray
  9534 | D        | Noticed a royal mummy
  9540 | D        | Killed a royal mummy
  9628 | D        | Noticed a shadow dragon
  9632 | D        | Killed a shadow dragon
  9850 | D        | Noticed a storm dragon
  9853 | D        | Killed a storm dragon
  9923 | D        | Noticed a Brimstone Fiend
  9925 | D        | Killed a Brimstone Fiend
  9971 | D        | Noticed a titan
  9974 | D        | Found the +4 dragonskin cloak
  9974 | D        | Noticed Tiamat
  9975 | D        | Killed a titan
  9977 | D        | Reached XP level 17. HP: 90/90 MP: 47/48
 10005 | D        | Killed Tiamat
 10065 | D        | Reached skill level 5 in Shields
 10149 | D        | Noticed a Tzitzimitl
 10150 | D        | Noticed an electric golem
 10153 | D        | Noticed an Ice Fiend
 10156 | D        | Killed an Ice Fiend
 10157 | D        | Killed a Tzitzimitl
 10160 | D        | Killed an electric golem
 10306 | D        | Noticed an Executioner
 10306 | D        | Noticed a deep elf master archer
 10306 | D        | Noticed an Ice Fiend
 10306 | D        | Noticed a pearl dragon
 10309 | D        | Killed a deep elf master archer
 10309 | D        | Killed a pearl dragon
 10310 | D        | Killed an Executioner
 10311 | D        | Noticed a titan
 10312 | D        | Killed an Ice Fiend
 10314 | D        | Killed a titan
 10344 | D        | Noticed a royal mummy
 10351 | D        | Killed a royal mummy
 10352 | D        | Reached skill level 15 in Armour
 10390 | D        | Found the +2 hat of the Bear Spirit {Spirit, +Rage rN+
                  | Will++}
 10392 | D        | Got the amulet "Vunamp" {Spirit Fly Int+6}
 10405 | D        | Got the amulet "Gadiffi" {Reflect Will++ Int+4 SH+5}
 10407 | D        | Got the ring "Zosk" {Drain rC+ Str+6 Int+9 Dex-2}
 10409 | D        | Got the ring of Qyclus {rPois rF+ Dex+2}
 10411 | D        | Got the ring of the Firefly {rPois rCorr Str+6 Int+4
                  | Stlth-}
 10415 | D        | Got the amulet of Balance {Faith Int+3}
 10421 | D        | Got the amulet "Afaciad" {Reflect Rampage Fragile rPois
                  | SH+5}
 10423 | D        | Got the amulet "Daez Zetaokh" {Faith Regen+}
 10428 | D        | Got the ring "Ihach" {rElec Str+6}
 10434 | D        | Got the amulet "Usaeduq" {rF- rC++ Regen+ SInv}
 10436 | D        | Got the ring "Xiusir" {rPois rF+ Dex+2}
 10440 | D        | Got an iron rune of Zot
 10444 | D        | Got the amulet "Xumeowk" {RegenMP MP-9 Str+9 Int+2 Dex-5}
 10499 | D        | Noticed a quicksilver dragon
 10502 | D        | Killed a quicksilver dragon
 10569 | D        | Learned a level 5 spell: Manifold Assault
 10712 | D        | Noticed Fadodgh the pandemonium lord
 10722 | D        | Killed Fadodgh the pandemonium lord
 10873 | D        | Noticed Sude the pandemonium lord
 10886 | D        | Killed Sude the pandemonium lord
 10887 | D        | Reached skill level 10 in Dodging
 10887 | D        | Reached skill level 27 in Conjurations
 10887 | D        | Reached XP level 18. HP: 51/95 MP: 22/49
 11092 | D        | Noticed a deep elf blademaster
 11094 | D        | Killed a deep elf blademaster
 11166 | D        | Noticed an electric golem
 11168 | D        | Killed an electric golem
 11333 | D        | Noticed a titan
 11335 | D        | Killed a titan
 11336 | D        | Reached skill level 10 in Shields
 11520 | D        | Noticed a Hell Sentinel
 11523 | D        | Killed a Hell Sentinel
 11912 | D        | Noticed a profane servitor
 11996 | D        | Killed a profane servitor
 12955 | D        | Noticed a deep elf blademaster
 12974 | D        | Killed a deep elf blademaster
 13068 | D        | Reached skill level 10 in Maces & Flails
 13213 | D        | Got the ring of Yppiym {Str+6 Int+4}
 13215 | D        | Got the ring "Atsaic" {*Slow Fly rC++ Int+6}
 13217 | D        | Got the ring of Anleud {rF+ rC+ rCorr}
 13219 | D        | Got the ring "Jeuraug" {rPois rC+ Int+3}
 13221 | D        | Got the ring "Extapuff" {Will+ Dex+6}
 13223 | D        | Got the ring of Temperance {Fire Dex+2}
 13225 | D        | Got the amulet "Zoug" {Spirit Will+}
 13227 | D        | Got the amulet "Dugra" {Acrobat Str+6 Int+3}
 13272 | D        | Noticed a quicksilver dragon
 13272 | D        | Noticed a golden dragon
 13278 | D        | Killed a quicksilver dragon
 13319 | D        | Noticed Mnoleg
 13346 | D        | Reached skill level 15 in Dodging
 13346 | D        | Reached XP level 19. HP: 88/99 MP: 20/50
 13415 | D        | Noticed a tentacled monstrosity
 13521 | D        | Killed from afar by a daeva

Illustrated notes

Levels and vault maps discovered:
D:        pitsprint [storerooms_1, entrance_room_1, metal_vault_4, armoury_1,
          mini_pit_1, grid_room_1, main_hall_1, silver_pit, the_coven_1,
          the_vestibule_1, steel_vault_3, golden_pit, hallway_of_sentries,
          crystal_vault_5, iron_vault_2, final_vault]

Skill      XL: |  1  2  3  4  5  6  7  8  9 10 11 12 13 14 15 16 17 18 19 |
---------------+----------------------------------------------------------+-----
Earth Magic    | 7 9 10 13 15 17 19 21 23 25 | 25.0
Dodging        | 2 3 4 5 7 10 15 | 15.4
Stealth        | 3 4 |  4.5
Spellcasting   | 3 5 6 9 10 11 13 14 16 18 21 23 26 27 | 27.0
Transmutations | 1 2 |  2.7
Fighting       | 1 2 3 4 |  4.5
Maces & Flails | 1 2 3 4 5 11 12 | 12.1
Conjurations   | 1 2 4 6 8 11 12 20 27 | 27.0
Armour         | 4 6 7 8 9 10 12 14 15 18 | 18.5
Fire Magic     | 6 11 14 19 22 26 | 26.4
Poison Magic   | 2 |  2.9
Air Magic      | 2 |  2.0
Shields        | 4 9 10 | 10.5
Evocations     | |  0.2

Action                   |  1- 3 |  4- 6 |  7- 9 | 10-12 | 13-15 | 16-18 | 19-21 || total
-------------------------+-------+-------+-------+-------+-------+-------+-------++-------
Melee: Mace              |     2 |     5 |       |       |       |       |       ||     7
       Flail             |       |     3 |       |       |       |       |       ||     3
       Morningstar       |       |       |     7 |     3 |     3 |       |       ||    13
       Demon whip        |       |       |       |       |     1 |    18 |    24 ||    43
       Headbutt          |       |       |       |       |       |       |     4 ||     4
 Cast: Sandblast         |     8 |    26 |     4 |     3 |    11 |     3 |     3 ||    58
       Stone Arrow       |       |     8 |     3 |    19 |    10 |       |       ||    40
       Lee's Rapid Decon |       |     2 |    18 |    59 |    94 |    75 |       ||   248
       Iron Shot         |       |       |       |    15 |       |    15 |     2 ||    32
       Petrify           |       |       |       |     4 |     5 |       |       ||     9
       Mephitic Cloud    |       |       |       |     2 |     6 |       |       ||     8
       Lehudib's Crystal |       |       |       |       |    27 |   108 |     4 ||   139
       Ignition          |       |       |       |       |       |     1 |       ||     1
       Shatter           |       |       |       |       |       |     2 |     1 ||     3
Evoke: Wand              |       |       |       |       |     1 |       |       ||     1
  Use: Potion            |     3 |     1 |     1 |     2 |    15 |    19 |    13 ||    54
       Scroll            |     1 |       |       |       |     6 |     1 |       ||     8
Armor: Robe              |       |     7 |       |       |       |       |       ||     7
       Chain mail        |       |       |    17 |    26 |    17 |     9 |       ||    69
       Ring mail         |       |       |       |       |    16 |       |       ||    16
       Quicksilver drago |       |       |       |       |       |   113 |    24 ||   137
Dodge: Dodged            |     4 |    16 |     8 |    12 |    36 |    62 |    17 ||   155
Block: Other             |       |       |       |       |       |    22 |       ||    22
       Buckler           |       |       |       |       |       |     9 |    16 ||    25

Table legend: (Time is in decaauts) A = Elapsed time spent in this place. B = Non-inter-level travel time spent in this place. C = Inter-level travel time spent in this place. D = Time resting spent in this place. E = Time spent auto-exploring this place. F = Levels seen in this place. G = Mean time per level. A B C D E F G +--------+--------+--------+--------+--------+-----+--------+ Total | 13433 | 13415 | 18 | 9060 | 10 | 1 | 13433.0 | Dungeon | 13433 | 13415 | 18 | 9060 | 10 | 1 | 13433.0 | +--------+--------+--------+--------+--------+-----+--------+

Top non-repeatable levels by time:
       D: 13433 daAuts
